 Dungeon Crawl Stone Soup version 0.23-a0-419-g0174fd80c1 (webtiles) character file.

219 LostNumber the Caller (level 5, -1/39 HPs)
             Began as a Mummy Summoner on Nov 14, 2018.
             Was an Initiate of Gozag.
             Slain by an iguana (8 damage)
             ... on level 4 of the Dungeon.
             The game lasted 00:06:18 (4059 turns).

LostNumber the Caller (Mummy Summoner)              Turns: 4059, Time: 00:06:19

Health: -1/39      AC:  3    Str: 11    XL:     5   Next: 64%
Magic:  5/11       EV: 11    Int: 20    God:    Gozag
Gold:   130        SH:  0    Dex: 13    Spells: 2/12 levels left

rFire    x . .     SeeInvis +   l - +1 dagger (drain)
rCold    + . .     Gourm    .   (no shield)
rNeg     + + +     Faith    .   a - +0 robe
rPois    ∞         Spirit   .   (no helmet)
rElec    .         Reflect  .   (no cloak)
rCorr    .         Harm     .   c - +0 pair of gloves
MR       .....                  (no boots)
Stlth    +.........             (no amulet)
HPRegen  0.13/turn              h - ring of see invisible
MPRegen  0.12/turn              p - +5 ring of intelligence

@: gold aura, drained
A: no food or potions, fire vulnerability, cold resistance 1, negative energy
resistance 3, torment resistance, unbreathing
a: Potion Petition, Call Merchant, Bribe Branch, Renounce Religion


You were on level 4 of the Dungeon.
You worshipped Gozag.
Gozag was aware of your devotion.
You were not hungry.

You visited 1 branch of the dungeon, and saw 4 of its levels.

You collected 166 gold pieces.
You paid 36 gold pieces to Gozag.

Inventory:

Hand Weapons
 b - a +0 dagger
 i - a +0 short sword of speed
 l - a +1 dagger of draining (weapon)
Armour
 a - a +0 robe (worn)
 c - a +0 pair of gloves (worn)
Magical Staves
 s - an uncursed staff of conjuration
 t - an uncursed staff of earth
Jewellery
 h - a ring of see invisible (left hand)
 p - a +5 ring of intelligence (right hand)
Wands
 q - a wand of acid (12)
 r - a wand of digging (5)
Scrolls
 d - 3 scrolls of enchant armour {unknown}
 e - 2 scrolls of identify {unknown}
 f - a scroll of enchant weapon {unknown}
 g - 2 scrolls of teleportation {unknown}
 j - a scroll of fog {unknown}
 k - 2 scrolls of immolation {unknown}
 m - 2 scrolls of remove curse {unknown}
 n - a scroll of fear {unknown}
 o - a scroll of magic mapping {unknown}


   Skills:
 + Level 2.3(1.5) Fighting
 - Level 1.5(0.7) Dodging
 - Level 1.5(0.7) Stealth
 + Level 4.0(3.1) Spellcasting
 * Level 4.6(3.6) Summonings
 * Level 1.2(0.4) Ice Magic


You had 2 spell levels left.
You knew the following spells:

 Your Spells              Type           Power        Failure   Level  Hunger
a - Summon Small Mammal   Summ           ###.         3%          1    N/A
b - Call Imp              Summ           ###.....     4%          2    N/A
c - Call Canine Familiar  Summ           ###.....     10%         3    N/A
d - Summon Ice Beast      Ice/Summ       ##......     52%         4    N/A

Your spell library contained the following spells:

 Spells                   Type           Power        Failure   Level  Hunger
 Summon Guardian Golem    Hex/Summ       ##......     21%         3    N/A
 Summon Lightning Spire   Summ/Air       ##......     54%         4    N/A

Dungeon Overview and Level Annotations

Branches:
Dungeon (4/15)
 Temple: D:4-7

Altars:
Gozag
Yredelemnul

Annotations:
D:2 1 runed door


Innate Abilities, Weirdness & Mutations

You do not eat or drink.
Your flesh is vulnerable to fire.
You are immune to poison.
Your flesh is cold resistant. (rC+)
You are immune to negative energy. (rN+++)
You are immune to unholy pain and torment.
You can survive without breathing.


Message History

You hit the leopard gecko.
You kill the leopard gecko!
You closely miss the leopard gecko. The leopard gecko barely misses you.
You hit the iguana but do no damage. The leopard gecko bites you.
The iguana barely misses you. The leopard gecko closely misses you.
You hit the iguana but do no damage. The iguana bites you!
The leopard gecko barely misses you.
Casting: Call Canine Familiar (safe; 10% risk of failure)
Confirm with . or Enter, or press ? or * to list all spells.
The iguana bites you! The leopard gecko bites you.
* * * LOW HITPOINT WARNING * * *
You are too injured to fight recklessly!
Unknown command.
The iguana closely misses you.
Casting: Call Canine Familiar (safe; 10% risk of failure)
Confirm with . or Enter, or press ? or * to list all spells.
Your hound disappears in a puff of smoke!
The iguana bites you!
You die...
Your body crumbles into a pile of gold.

.. . ######## . #.....!# .#
#......# ##.# #
##....h.####h.. ..
###.......@ll#.#
..#####.........##.§$#
............(...###>.......
..)..#....####### ##.##....
#>.....# ##... ### #
#.....###### ...### #
.###..##......####.### #
......#######..##..###### #
..##...# ###..#........ ##


You could see an iguana, a leopard gecko and a friendly hound.

Vanquished Creatures
  A hound (D:4)
  A worker ant (D:4)
  An adder (D:3)
  A worm (D:3)
  A dart slug (D:2)
  2 leopard geckos
  5 giant cockroaches
  8 goblins
  11 hobgoblins
  4 kobolds
  A ball python (D:2)
  7 bats
  2 frilled lizards
  5 rats
50 creatures vanquished.

Vanquished Creatures (collateral kills)
  An ogre (D:2)
  A crimson imp (D:3)
  A worker ant (D:4)
  3 adders
  3 goblins
  A bat (D:2)
  A frilled lizard (D:1)
  2 kobolds
13 creatures vanquished.

Grand Total: 63 creatures vanquished

Notes
Turn   | Place    | Note
-------+----------+-------------------------------------------
     0 | D:1      | LostNumber the Mummy Summoner began the quest for the Orb.
     0 | D:1      | Reached XP level 1. HP: 13/13 MP: 4/4
   445 | D:1      | Reached XP level 2. HP: 20/20 MP: 3/5
   688 | D:1      | Learned a level 2 spell: Call Imp
  1304 | D:2      | Found a runed door.
  1304 | D:2      | Noticed a human
  1309 | D:2      | Found a basalt altar of Yredelemnul.
  1334 | D:2      | Reached skill level 1 in Fighting
  1709 | D:2      | Reached XP level 3. HP: 19/26 MP: 4/7
  2464 | D:2      | Learned a level 3 spell: Call Canine Familiar
  2601 | D:2      | Noticed an ogre
  2610 | D:2      | Killed an ogre
  2610 | D:2      | Reached XP level 4. HP: 29/33 MP: 0/9
  3346 | D:3      | Learned a level 4 spell: Summon Ice Beast
  3476 | D:3      | Found a faded altar of an unknown god.
  3579 | D:3      | Reached XP level 5. HP: 38/38 MP: 8/10
  3900 | D:4      | Found an opulent altar of Gozag.
  3940 | D:4      | Became a worshipper of Gozag Ym Sagoz the Greedy
  4009 | D:4      | Reached skill level 1 in Ice Magic
  4059 | D:4      | Slain by an iguana

Vault maps used:
D:1:      dpeg_arrival_more_subterranean_lakeside_camping
D:2:      minmay_misc_feat_encased, dk_yredelemnul_ordeal
D:3:      chequers_ecumenical_altar_island
D:4:      first_ration, grunt_gozag_breadcrumbs

Skill      XL: |  1  2  3  4  5 |
---------------+----------------+-----
Spellcasting   | 3 4 |  4.0
Fighting       | 1 2 |  2.3
Summonings     | 4 |  4.6
Ice Magic      | 1 |  1.2
Dodging        | |  1.5
Stealth        | |  1.5

Action                   |  1- 3 |  4- 6 || total
-------------------------+-------+-------++-------
Melee: Dagger            |   153 |    74 ||   227
       Short sword       |    18 |    31 ||    49
 Cast: Summon Small Mamm |     4 |       ||     4
       Call Imp          |    14 |     4 ||    18
       Call Canine Famil |     1 |     9 ||    10
 Stab: Sleeping          |     3 |     1 ||     4
Armor: Robe              |    61 |    25 ||    86
Dodge: Dodged            |   136 |    70 ||   206

Table legend:
 A = Non-vault XP
 B = Vault XP
 C = Vault XP percentage of total XP
 D = Non-vault monster count
 E = Vault monster count
 F = Vault count percentage of total count
                 A         B        C        D         E       F
            +---------+---------+-------+---------+---------+-------
      Total |     314 |       0 |   0.0 |      63 |       0 |   0.0
            +---------+---------+-------+---------+---------+-------
        D:1 |      25 |       0 |   0.0 |      18 |       0 |   0.0
        D:2 |     108 |       0 |   0.0 |      21 |       0 |   0.0
        D:3 |      83 |       0 |   0.0 |      19 |       0 |   0.0
        D:4 |      98 |       0 |   0.0 |       5 |       0 |   0.0
            +---------+---------+-------+---------+---------+-------
